 Dungeon Sprint DCSS version 0.21.1-1-g345015f (webtiles) character file.

12400000 Larett the Intangible (level 27, -140/298 HPs)
             Began as a Deep Dwarf Warper on June 15, 2018.
             Was the Champion of Makhleb.
             Annihilated by a sculptor of flesh
             ... wielding a +9 great sword
              (167 damage)
             ... in the Dungeon (Sprint VIII: "Arena of Blood").
             The game lasted 00:05:11 (124 turns).

Larett the Intangible (Deep Dwarf Warper)            Turns: 124, Time: 00:05:11

Health: -140/298   AC:  6    Str: 16    XL:     27
Magic:  44/54      EV: 35    Int: 17    God:    Makhleb [******]
Gold:   0          SH:  0    Dex: 21    Spells: 80/80 levels left

rFire    + . .     SeeInvis +   R - +∞ Axe of Woe
rCold    . . .     Gourm    .   (shield currently unavailable)
rNeg     + . .     Faith    .   b - +0 leather armour
rPois    .         Spirit   .   (no helmet)
rElec    .         Reflect  .   (no cloak)
rCorr    .         Harm     .   (no gloves)
MR       ++++.     NoTele   +   (no boots)
Stlth    +++++++++.             (no amulet)
HPRegen  0.00/turn              f - ring of protection from fire
MPRegen  0.34/turn              s - ring of see invisible

@: lethally poisoned (-140 -> -307), very slightly contaminated,
non-regenerating
A: damage resistance, heal wounds, negative energy resistance 1, sense
surroundings 3, no regeneration
a: Heal Wounds, Minor Destruction, Lesser Servant of Makhleb, Major Destruction,
Greater Servant of Makhleb, Renounce Religion


You were in the Dungeon.
You worshipped Makhleb.
Makhleb was exalted by your worship.
You were not hungry.

You visited 1 branch

Inventory:

Hand Weapons
 a - a +0 mace
 R - the +∞ Axe of Woe (weapon)
   (You found it in the Dungeon)
Missiles
 e - 5 tomahawks of dispersal (quivered) {!f}
Armour
 b - a +0 leather armour (worn)
Jewellery
 f - a ring of protection from fire (left hand)
 s - a ring of see invisible (right hand)
Potions
 j - 2 potions of magic
 k - a potion of berserk rage
 Q - a potion of curing
Books
 c - a book of Spatial Translocations

   Spells                             Type                      Level
   a - Blink                          Translocation                2
   b - Shroud of Golubria             Charms/Translocation         2
   c - Lesser Beckoning               Translocation                3
   d - Gell's Gravitas                Translocation                3
   e - Teleport Other                 Translocation                3
   f - Passage of Golubria            Translocation                4
Comestibles
 S - a ration


   Skills:
 O Level 27 Fighting
 O Level 27 Axes
 O Level 27 Maces & Flails
 O Level 27 Throwing
 O Level 27 Armour
 O Level 27 Dodging
 O Level 27 Stealth
 O Level 27 Unarmed Combat
 O Level 27 Spellcasting
   Level 3.2 Translocations
 O Level 27 Invocations


You had 80 spell levels left.
You didn't know any spells.

Dungeon Overview and Level Annotations

Branches:
Dungeon (1/1)

Altars:
Makhleb


Innate Abilities, Weirdness & Mutations

You are resistant to damage.
You can heal yourself by infusing magical energy.
You resist negative energy. (rN+)
You passively map a large area around you.
You do not regenerate.


Message History

The scourge poisons you!
The eight-headed meat hydra calls on the powers of darkness!
The eight-headed meat hydra convulses!
Your body is wracked with pain!
* * * LOW HITPOINT WARNING * * *
The scourge convulses! x2; The observer convulses!
The scourge convulses!
The fleshlord convulses!
The scourge convulses!
You hear a shout!
The scourge throws poison at you.
The bolt of poison hits the sculptor of flesh.
The sculptor of flesh completely resists.
The bolt of poison hits you!
You are more poisoned.
* * * LOW HITPOINT WARNING * * *
You hear a shout! x2
The fleshlord mumbles some strange words.
The fleshlord seems to speed up.
You hear a shout!
The sculptor of flesh hits you with a +9 great sword!!!!!
Ouch! That really hurt!
You die...

....#.......#.....#...... ,
, ,
......#)§......_.........
,, ,
......)§§§.D))###........ ,
* ......V.)###.....))###...
, L..........#L).)Wx.#.....
, , ,
..........W#.))))).#.....,,
* .o#....@....)%W)))S......
,,, ,
.#.#.#..........§zM....# ,
, o.#.#........%DG@SS%..#..
,, ,,
.#.#.#........W)§§§.##..V
..#.#.....#....)..)#....O *
, *
..x.............)))#..%##*,
##.......##.#p...).......
,, ,
.##............).§....... ,
.....####....#...)S####..
,, ,
##............%))....#. . ,
* * # ##........)).).......
*


You could see an accursed, a tyrant, 2 eight-headed meat hydras, an observer
(invisible), 4 scourges, a fleshlord, a sculptor of flesh, 3 wretched souls, a
dread and a small abomination.

Vanquished Creatures
  7 hell beasts (D)
  4 greater mummies (D)
  3 great orbs of eyes (D)
  A wraith (D)
  Harold (D)
  12 vampire knights (D)
  30 ogres (D)
  6 two-headed ogres (D)
  2 liches (D)
  62 orcs (D)
  A phantom (D)
  5 skeletal warriors (D)
  A sea snake (D)
  A large abomination (D)
  6 small abominations (D)
  16 crawling corpses (D)
158 creatures vanquished.

Vanquished Creatures (others)
  6 crawling corpses (D)
6 creatures vanquished.

Grand Total: 164 creatures vanquished

Notes
Turn   | Place    | Note
-------+----------+-------------------------------------------
     0 | D        | Found the +∞ Axe of Woe
     0 | D        | Larett the Deep Dwarf Warper began the quest for the Orb.
     0 | D        | Reached XP level 1. HP: 19/19 MP: 3/3
     3 | D        | Noticed a bag of meat
     4 | D        | Noticed a meat berserker
     4 | D        | Became a worshipper of Makhleb the Destroyer
     5 | D        | Noticed a bag of meat
     5 | D        | Killed a meat berserker
     5 | D        | Reached XP level 2. HP: 8/56 MP: 4/4
     5 | D        | Reached XP level 3. HP: 9/63 MP: 5/5
     5 | D        | Reached XP level 4. HP: 11/73 MP: 6/6
     5 | D        | Reached XP level 5. HP: 12/80 MP: 7/7
     5 | D        | Reached XP level 6. HP: 13/88 MP: 8/8
     5 | D        | Reached XP level 7. HP: 14/96 MP: 9/9
     5 | D        | Reached XP level 8. HP: 16/105 MP: 10/10
     5 | D        | Gained mutation: You passively map the area around you. [Deep Dwarf growth]
     5 | D        | Reached XP level 9. HP: 17/112 MP: 11/11
     5 | D        | Reached XP level 10. HP: 18/121 MP: 12/12
     5 | D        | Reached XP level 11. HP: 19/128 MP: 13/13
     5 | D        | Reached XP level 12. HP: 21/138 MP: 14/14
     5 | D        | Reached XP level 13. HP: 22/145 MP: 15/15
     6 | D        | Noticed a bag of meat
     6 | D        | Noticed a bag of meat
     7 | D        | Noticed a bag of meat
     8 | D        | Noticed a meat berserker
     8 | D        | Noticed a bag of meat
     9 | D        | Noticed a bag of meat
     9 | D        | Noticed a bag of meat
     9 | D        | Noticed a bag of meat
     9 | D        | Noticed a bag of meat
     9 | D        | Noticed a bag of meat
    10 | D        | Noticed a bag of meat
    10 | D        | Noticed a bag of meat
    10 | D        | Noticed a meat berserker
    11 | D        | Noticed a bag of meat
    11 | D        | Noticed a large bag of meat
    11 | D        | Killed a bag of meat
    11 | D        | Reached * piety under Makhleb
    11 | D        | Reached skill level 21 in Axes
    11 | D        | Reached skill level 21 in Dodging
    11 | D        | Killed a meat berserker
    11 | D        | Reached skill level 21 in Fighting
    11 | D        | Reached skill level 24 in Axes
    11 | D        | Reached skill level 24 in Dodging
    11 | D        | Gained mutation: You resist negative energy. (rN+) [Deep Dwarf growth]
    11 | D        | Reached XP level 14. HP: 108/165 MP: 16/16
    11 | D        | Killed a bag of meat
    11 | D        | Reached XP level 15. HP: 155/175 MP: 17/17
    13 | D        | Reached ** piety under Makhleb
    13 | D        | Reached skill level 24 in Fighting
    13 | D        | Reached skill level 27 in Axes
    13 | D        | Reached skill level 27 in Dodging
    13 | D        | Reached XP level 16. HP: 199/199 MP: 18/18
    13 | D        | Reached *** piety under Makhleb
    13 | D        | Reached skill level 27 in Fighting
    13 | D        | Reached skill level 6 in Maces & Flails
    14 | D        | Noticed a meat berserker
    14 | D        | Reached skill level 9 in Throwing
    14 | D        | Reached skill level 9 in Unarmed Combat
    14 | D        | Reached skill level 12 in Maces & Flails
    14 | D        | Reached XP level 17. HP: 208/208 MP: 19/19
    15 | D        | Noticed a meat berserker
    15 | D        | Noticed a meat berserker
    15 | D        | Reached skill level 15 in Armour
    15 | D        | Reached skill level 12 in Unarmed Combat
    15 | D        | Reached **** piety under Makhleb
    15 | D        | Reached skill level 15 in Maces & Flails
    15 | D        | Reached skill level 15 in Throwing
    15 | D        | Reached skill level 18 in Armour
    15 | D        | Reached skill level 15 in Unarmed Combat
    16 | D        | Noticed a meat berserker
    16 | D        | Noticed a meat berserker
    16 | D        | Noticed a meat berserker
    16 | D        | Noticed a large bag of meat
    17 | D        | Reached skill level 18 in Maces & Flails
    17 | D        | Gained mutation: You passively map a large area around you. [Deep Dwarf growth]
    17 | D        | Reached XP level 18. HP: 218/218 MP: 20/20
    17 | D        | Reached ***** piety under Makhleb
    17 | D        | Killed a large bag of meat
    17 | D        | Killed a meat berserker
    17 | D        | Reached skill level 24 in Armour
    17 | D        | Reached XP level 19. HP: 226/226 MP: 21/21
    18 | D        | Noticed a meat berserker
    20 | D        | Killed a meat berserker
    20 | D        | Killed a meat berserker
    20 | D        | Reached skill level 27 in Armour
    20 | D        | Reached skill level 24 in Throwing
    20 | D        | Reached skill level 24 in Unarmed Combat
    20 | D        | Reached XP level 20. HP: 236/236 MP: 22/22
    22 | D        | Reached ****** piety under Makhleb
    22 | D        | Reached skill level 27 in Maces & Flails
    22 | D        | Killed a meat berserker
    22 | D        | Reached skill level 27 in Throwing
    22 | D        | Reached skill level 27 in Unarmed Combat
    22 | D        | Killed a meat berserker
    22 | D        | Reached skill level 18 in Stealth
    22 | D        | Reached skill level 12 in Spellcasting
    22 | D        | Reached skill level 18 in Invocations
    22 | D        | Reached XP level 21. HP: 244/244 MP: 22/37
    24 | D        | Noticed a destroyer
    24 | D        | Noticed a destroyer
    25 | D        | Killed a destroyer
    25 | D        | Reached skill level 18 in Spellcasting
    25 | D        | Reached skill level 27 in Stealth
    25 | D        | Reached skill level 27 in Invocations
    25 | D        | Reached XP level 22. HP: 254/254 MP: 22/48
    27 | D        | Reached skill level 27 in Spellcasting
    29 | D        | Noticed a large bag of meat
    30 | D        | Noticed The Servant
    30 | D        | Noticed a destroyer
    31 | D        | Killed a large bag of meat
    31 | D        | Reached XP level 23. HP: 262/262 MP: 24/54
    33 | D        | Killed a destroyer
    34 | D        | Noticed a destroyer
    35 | D        | Noticed a destroyer
    35 | D        | Noticed a destroyer
    36 | D        | Reached XP level 24. HP: 211/272 MP: 25/54
    36 | D        | Killed a destroyer
    37 | D        | Noticed a large bag of meat
    41 | D        | Noticed a large bag of meat
    48 | D        | Killed a large bag of meat
    48 | D        | Reached XP level 25. HP: 249/280 MP: 28/54
    53 | D        | Noticed a destroyer
    53 | D        | Killed a destroyer
    53 | D        | Reached XP level 26. HP: 290/290 MP: 29/54
    53 | D        | Killed a large bag of meat
    55 | D        | Noticed an accursed
    58 | D        | Reached XP level 27. HP: 298/298 MP: 30/54
    61 | D        | HP: 26/298 [destroyer/+9 great sword of slicing (64)]
    62 | D        | Killed a destroyer
    64 | D        | Killed a destroyer
    67 | D        | Noticed a tyrant
    68 | D        | Killed an accursed
    71 | D        | Killed a destroyer
    72 | D        | Noticed a dread
    75 | D        | Noticed a destroyer
    78 | D        | Noticed a meat beast
    78 | D        | Noticed a meat beast
    79 | D        | Killed a dread
    81 | D        | Noticed a meat beast
    81 | D        | Noticed a destroyer
    82 | D        | Noticed a tyrant
    82 | D        | Noticed an accursed
    86 | D        | Noticed a meat beast
    86 | D        | Noticed a meat beast
    87 | D        | Noticed a destroyer
    88 | D        | Killed a destroyer
    88 | D        | Killed an accursed
    88 | D        | Killed a meat beast
    89 | D        | Noticed a large bag of meat
    91 | D        | Noticed a destroyer
    92 | D        | Noticed a meat beast
    92 | D        | Killed a tyrant
    93 | D        | Killed a meat beast
    93 | D        | Killed a meat beast
    98 | D        | Killed a destroyer
    98 | D        | Killed a meat beast
   100 | D        | Noticed an accursed
   100 | D        | Killed a large bag of meat
   101 | D        | Killed a destroyer
   102 | D        | Noticed a meat beast
   102 | D        | Noticed an accursed
   104 | D        | Noticed a destroyer
   104 | D        | Noticed a large bag of meat
   105 | D        | Killed an accursed
   105 | D        | Killed a meat beast
   106 | D        | Killed a meat beast
   108 | D        | Noticed a tyrant
   110 | D        | Killed an accursed
   115 | D        | Noticed a dread
   116 | D        | Noticed a destroyer
   116 | D        | Noticed an accursed
   117 | D        | Killed a large bag of meat
   117 | D        | Killed a tyrant
   119 | D        | Killed a meat beast
   120 | D        | Noticed a tyrant
   120 | D        | HP: 17/296 [destroyer/+9 great sword of slicing (20)]
   120 | D        | HP: 6/296 [destroyer/+9 great sword of slicing (11)]
   120 | D        | Noticed a fleshlord
   121 | D        | Killed The Servant
   121 | D        | Killed a destroyer
   121 | D        | Killed a destroyer
   124 | D        | Annihilated by a sculptor of flesh

Skill      XL: |  1  2  3  4  5  6  7  8  9 10 11 12 13 14 15 16 17 18 19 20 21 22 |
---------------+-------------------------------------------------------------------+-----
Fighting       | 17 21 22 26 27 | 27.0
Axes           | 20 24 25 27 | 27.0
Dodging        | 20 24 25 27 | 27.0
Maces & Flails | 12 18 22 26 27 | 27.0
Throwing       | 11 16 20 24 27 | 27.0
Armour         | 13 19 24 27 | 27.0
Unarmed Combat | 11 16 20 24 27 | 27.0
Stealth        | 18 27 | 27.0
Spellcasting   | 12 22 27 | 27.0
Invocations    | 18 27 | 27.0
Translocations | |  3.2

Action                   |  1- 3 |  4- 6 |  7- 9 | 10-12 | 13-15 | 16-18 | 19-21 | 22-24 | 25-27 || total
-------------------------+-------+-------+-------+-------+-------+-------+-------+-------+-------++-------
Melee: Executioner's axe |     1 |       |       |       |     2 |     3 |     3 |     7 |    38 ||    54
  Use: Potion            |       |       |       |       |       |       |       |     1 |     1 ||     2
       Scroll            |       |       |       |       |       |       |       |     1 |     1 ||     2
 Stab: Distracted        |       |       |       |       |       |       |       |       |     1 ||     1
Armor: Leather armour    |       |       |       |       |       |       |       |       |     4 ||     4
Dodge: Dodged            |       |       |       |       |       |       |     4 |     2 |    17 ||    23
